TOP OF THE 1ST |
---|
Spokane Trappers batting - Pitching for Santa Monica Bruins : RHP Armand Calazzo | Pitching: RHP Armand Calazzo | | Batting: RHB José Aguilera | 0-0: Ball 1-0: Ball 2-0: Ball 3-0: Called Strike 3-1: Base on Balls | Batting: RHB Carlos García | 0-0: Ball 1-0: Ball 2-0: Ball 3-0: Foul Ball, location: 2F 3-1: Foul Ball, location: 2F 3-2: Base on Balls José Aguilera to second | Batting: SHB Mark Wells | 0-0: Called Strike 0-1: Foul Ball, location: 2F 0-2: Ball 1-2: Foul Ball, location: 2F 1-2: Ball 2-2: Fly out, F7 (Flyball, 7LMF) | Batting: RHB José Herrera | 0-0: Ball 1-0: Fly out, F4 (Popup, 34) | Batting: SHB Chris Bennis | 0-0: Ball 1-0: Called Strike 1-1: Ball 2-1: Ball 3-1: Base on Balls José Aguilera to third Carlos García to second | Batting: RHB Danny Crouch | 0-0: Foul Ball, location: 2F 0-1: Foul Ball, location: 2F 0-2: Ball 1-2: Ball 2-2: Foul Ball, location: 2F 2-2: Ball 3-2: Foul Ball, location: 2F 3-2: Base on Balls José Aguilera scores Carlos García to third Chris Bennis to second | Batting: LHB Tommy Evans | 0-0: Ball 1-0: Swinging Strike 1-1: Called Strike 1-2: Strikes out swinging | Top of the 1st over - 1 run, 0 hits, 0 errors, 3 left on base; Spokane 1 - Santa Monica 0 | BOTTOM OF THE 1ST |
---|
Santa Monica Bruins batting - Pitching for Spokane Trappers : RHP Marty Bradford | Pitching: RHP Marty Bradford | | Batting: RHB Gustavo Torres | 0-0: Called Strike 0-1: Foul Ball, location: 2F 0-2: Foul Ball, location: 2F 0-2: Fly out, F2 (Popup, 2LF) | Batting: RHB Javier González | 0-0: Ball 1-0: Foul Ball, location: 2F 1-1: Foul Ball, location: 2F 1-2: Ball 2-2: Reached on error, E5 (Groundball, 56S) | Batting: RHB Jake Reeves | 0-0: Swinging Strike 0-1: Grounds into double play, 5-4-3 (Groundball, 56) | Bottom of the 1st over - 0 runs, 0 hits, 1 error, 0 left on base; Spokane 1 - Santa Monica 0 | TOP OF THE 2ND |
---|
Spokane Trappers batting - Pitching for Santa Monica Bruins : RHP Armand Calazzo | Batting: RHB Trent Rasmussen | 0-0: Foul Ball, location: 2F 0-1: Swinging Strike 0-2: Foul Ball, location: 2F 0-2: Ball 1-2: Ball 2-2: Ball 3-2: Strikes out swinging | Batting: RHB Alberto Velásquez | 0-0: Ball 1-0: Foul Ball, location: 2F 1-1: Ball 2-1: Foul Ball, location: 2F 2-2: Ball 3-2: Foul Ball, location: 2F 3-2: Base on Balls | Batting: RHB José Aguilera | 0-0: Ball 1-0: Foul Ball, location: 2F 1-1: Ball 2-1: Swinging Strike 2-2: Foul Ball, location: 2F 2-2: Foul Ball, location: 2F 2-2: Foul Ball, location: 2F 2-2: Foul Ball, location: 2F 2-2: Fly out, F4 (Line Drive, 4) | Batting: RHB Carlos García | 0-0: Fly out, F4 (Line Drive, 4M) | Top of the 2nd over - 0 runs, 0 hits, 0 errors, 1 left on base; Spokane 1 - Santa Monica 0 | BOTTOM OF THE 2ND |
---|
Santa Monica Bruins batting - Pitching for Spokane Trappers : RHP Marty Bradford | Batting: RHB Luis Martínez | 0-0: Ball 1-0: Foul Ball, location: 2F 1-1: Ball 2-1: Ball Error on foul ball, E9 3-2: Strikes out swinging | Batting: LHB Kent MacDulothe | 0-0: Foul Ball, location: 2F 0-1: Called Strike 0-2: Ball 1-2: Strikes out swinging | Batting: LHB Arthur MacDonald | 0-0: Called Strike 0-1: SINGLE (Line Drive, 9S) | Batting: RHB Ernest Russell | 0-0: Ground out 3-1 (Groundball, 34) | Bottom of the 2nd over - 0 runs, 1 hit, 1 error, 1 left on base; Spokane 1 - Santa Monica 0 | TOP OF THE 3RD |
---|
Spokane Trappers batting - Pitching for Santa Monica Bruins : RHP Armand Calazzo | Batting: SHB Mark Wells | 0-0: Ball 1-0: Ball 2-0: Ball 3-0: Called Strike 3-1: Base on Balls | Batting: RHB José Herrera | 0-0: Ball 1-0: Ball 2-0: Called Strike 2-1: Ball 3-1: Base on Balls Mark Wells to second | Batting: SHB Chris Bennis | 0-0: Ball 1-0: Ball 2-0: Called Strike 2-1: Fly out, F5 (Popup, 5SF) | Batting: RHB Danny Crouch | 0-0: Ball 1-0: Swinging Strike 1-1: Foul Ball, location: 2F 1-2: Ball 2-2: Strikes out looking | Batting: LHB Tommy Evans | 0-0: Ball 1-0: Foul Ball, location: 2F 1-1: Swinging Strike 1-2: Ball 2-2: Strikes out looking | Top of the 3rd over - 0 runs, 0 hits, 0 errors, 2 left on base; Spokane 1 - Santa Monica 0 | BOTTOM OF THE 3RD |
---|
Santa Monica Bruins batting - Pitching for Spokane Trappers : RHP Marty Bradford | Batting: SHB Adrián Nieto | 0-0: Ground out U3 (Groundball, 3) | Batting: RHB Dave King | 0-0: Ground out 1-3 (Groundball, P) | Batting: RHB Gustavo Torres | 0-0: Ball 1-0: Ball 2-0: Swinging Strike 2-1: Foul Ball, location: 2F 2-2: Strikes out swinging | Bottom of the 3rd over - 0 runs, 0 hits, 0 errors, 0 left on base; Spokane 1 - Santa Monica 0 | TOP OF THE 4TH |
---|
Spokane Trappers batting - Pitching for Santa Monica Bruins : RHP Armand Calazzo | Batting: RHB Trent Rasmussen | 0-0: Ball 1-0: SINGLE (Groundball, 4MD) | Batting: RHB Alberto Velásquez | 0-0: Ball 1-0: Called Strike 1-1: Foul Ball, location: 2F 1-2: Strikes out looking | Batting: RHB José Aguilera | 0-0: Foul Ball, location: 2F 0-1: Ball 1-1: Ball 2-1: Foul Ball, location: 2F 2-2: Ball 3-2: Strikes out swinging | Batting: RHB Carlos García | 0-0: Ball 1-0: Ball 2-0: Swinging Strike 2-1: Foul Ball, location: 2F 2-2: Foul Ball, location: 2F 2-2: Foul Ball, location: 2F 2-2: Strikes out swinging | Top of the 4th over - 0 runs, 1 hit, 0 errors, 1 left on base; Spokane 1 - Santa Monica 0 | BOTTOM OF THE 4TH |
---|
Santa Monica Bruins batting - Pitching for Spokane Trappers : RHP Marty Bradford | Batting: RHB Javier González | 0-0: Bunt for hit - play at first, batter safe! | Batting: RHB Jake Reeves | 0-0: Ball 1-0: Grounds into double play, 5-4-3 (Groundball, 56) | Batting: RHB Luis Martínez | 0-0: Ball 1-0: Foul Ball, location: 2F 1-1: Foul Ball, location: 2F 1-2: Ball 2-2: Foul Ball, location: 2F 2-2: Ground out 6-3 (Groundball, 6M) | Bottom of the 4th over - 0 runs, 1 hit, 0 errors, 0 left on base; Spokane 1 - Santa Monica 0 | TOP OF THE 5TH |
---|
Spokane Trappers batting - Pitching for Santa Monica Bruins : RHP Armand Calazzo | Pitching: RHP Manuel López | | Batting: SHB Mark Wells | 0-0: Ball 1-0: Ball 2-0: Ball 3-0: Base on Balls | Batting: RHB José Herrera | 0-0: Ball 1-0: Foul Ball, location: 2F 1-1: Ball 2-1: Foul Ball, location: 2F 2-2: SINGLE (Groundball, 4MD) Mark Wells to second | Batting: SHB Chris Bennis | 0-0: Ball 1-0: Foul Ball, location: 2F 1-1: Fly out, F5 (Popup, 5SF) | Batting: RHB Danny Crouch | 0-0: Fly out, F8 (Flyball, 8RM) Runner from 2nd tags up, SAFE at 3rd with throw | Batting: LHB Tommy Evans | 0-0: Called Strike 0-1: Foul Ball, location: 2F 0-2: Ground out 5-3 (Groundball, 2L) | Top of the 5th over - 0 runs, 1 hit, 0 errors, 2 left on base; Spokane 1 - Santa Monica 0 | BOTTOM OF THE 5TH |
---|
Santa Monica Bruins batting - Pitching for Spokane Trappers : RHP Marty Bradford | Batting: LHB Kent MacDulothe | 0-0: Called Strike 0-1: Ball 1-1: Ball 2-1: Swinging Strike 2-2: Foul Ball, location: 2F 2-2: Ground out 4-3 (Groundball, 4) | Batting: LHB Arthur MacDonald | 0-0: Called Strike 0-1: Called Strike 0-2: Ground out 3-1 (Groundball, 34) | Batting: RHB Ernest Russell | 0-0: Ball 1-0: Called Strike 1-1: Foul Ball, location: 2F 1-2: Ground out 5-3 (Groundball, 56) | Bottom of the 5th over - 0 runs, 0 hits, 0 errors, 0 left on base; Spokane 1 - Santa Monica 0 | TOP OF THE 6TH |
---|
Spokane Trappers batting - Pitching for Santa Monica Bruins : RHP Manuel López | Batting: RHB Trent Rasmussen | 0-0: SINGLE (Flyball, 89S) | Batting: RHB Alberto Velásquez | 0-0: Called Strike 0-1: Swinging Strike 0-2: Foul Ball, location: 2F 0-2: Ball 1-2: Strikes out looking | Pitching: RHP Bobby Booker | | Batting: RHB José Aguilera | 0-0: Ball 1-0: Ground out 3-1 (Groundball, 34S) Trent Rasmussen to second | Batting: RHB Carlos García | 0-0: Ball 1-0: Ball 2-0: Swinging Strike 2-1: Foul Ball, location: 2F 2-2: Ball 3-2: Foul Ball, location: 2F 3-2: Foul Ball, location: 2F 3-2: SINGLE (Groundball, 56D) Trent Rasmussen to third Trent Rasmussen scores | Batting: SHB Mark Wells | 0-0: Called Strike 0-1: Ball 1-1: Foul Ball, location: 2F 1-2: Foul Ball, location: 2F 1-2: Ball 2-2: Ball 3-2: 2-RUN HOME RUN (Flyball, 9D), Distance : 373 ft | Pitching: RHP Chuk-yan Zhuan | | Batting: RHB José Herrera | 0-0: Ball 1-0: Ball 2-0: Ball 3-0: Called Strike 3-1: Foul Ball, location: 2F 3-2: Foul Ball, location: 2F 3-2: Base on Balls | Batting: SHB Chris Bennis | 0-0: Ball 1-0: Ball 2-0: Called Strike 2-1: Ball 3-1: Foul Ball, location: 2F 3-2: Base on Balls José Herrera to second | Batting: RHB Danny Crouch | 0-0: Ball 1-0: Ball 2-0: DOUBLE (Line Drive, 8RXD) José Herrera scores Chris Bennis to third Runner from 3rd tries for Home, SAFE, no throw | Batting: LHB Tommy Evans | 0-0: Called Strike 0-1: Ball 1-1: Ball 2-1: SINGLE (Flyball, 7LS) Danny Crouch to third Runner from 3rd tries for Home, SAFE, no throw | Batting: RHB Trent Rasmussen | 0-0: Foul Ball, location: 2F 0-1: Fly out, F7 (Flyball, 7S) | Top of the 6th over - 6 runs, 5 hits, 0 errors, 1 left on base; Spokane 7 - Santa Monica 0 | BOTTOM OF THE 6TH |
---|
Santa Monica Bruins batting - Pitching for Spokane Trappers : RHP Marty Bradford | Batting: SHB Adrián Nieto | 0-0: Called Strike 0-1: Fly out, F8 (Line Drive, 8LD) | Batting: RHB Dave King | 0-0: Foul Ball, location: 2F 0-1: Fly out, F8 (Flyball, 8RD) | Batting: RHB Gustavo Torres | 0-0: Called Strike 0-1: Ball 1-1: Ball 2-1: SINGLE (Line Drive, 89S) | Batting: RHB Javier González | 0-0: Ball 1-0: Foul Ball, location: 2F 1-1: Ball 2-1: Called Strike 2-2: Ground out 6-3 (Groundball, 6MS) | Bottom of the 6th over - 0 runs, 1 hit, 0 errors, 1 left on base; Spokane 7 - Santa Monica 0 | TOP OF THE 7TH |
---|
Spokane Trappers batting - Pitching for Santa Monica Bruins : RHP Chuk-yan Zhuan | Batting: RHB Alberto Velásquez | 0-0: Ball 1-0: Ground out 6-3 (Groundball, 6M) | Batting: RHB José Aguilera | 0-0: Called Strike 0-1: Called Strike 0-2: Ball 1-2: Ball 2-2: Foul Ball, location: 2F 2-2: Ball 3-2: Reached on error, E2 (Groundball, 2R) | Batting: RHB Carlos García | 0-0: Ball 1-0: Fly out, F3 (Popup, 34S) | Batting: SHB Mark Wells | 0-0: Ball 1-0: SINGLE (Line Drive, 4) José Aguilera to third | Batting: RHB José Herrera | 0-0: Ball 1-0: Fielders Choice at 2nd, 5-4 (Groundball, 56) | Top of the 7th over - 0 runs, 1 hit, 1 error, 2 left on base; Spokane 7 - Santa Monica 0 | BOTTOM OF THE 7TH |
---|
Santa Monica Bruins batting - Pitching for Spokane Trappers : RHP Marty Bradford | Batting: RHB Jake Reeves | 0-0: Ball 1-0: Ball 2-0: Fly out, F6 (Popup, 6M) | Batting: RHB Luis Martínez | 0-0: Ball 1-0: Ball 2-0: Fly out, F7 (Flyball, 7S) | Batting: LHB Kent MacDulothe | 0-0: Ball 1-0: Swinging Strike 1-1: Ground out 1-3 (Groundball, 13) | Bottom of the 7th over - 0 runs, 0 hits, 0 errors, 0 left on base; Spokane 7 - Santa Monica 0 | TOP OF THE 8TH |
---|
Spokane Trappers batting - Pitching for Santa Monica Bruins : RHP Chuk-yan Zhuan | Batting: SHB Chris Bennis | 0-0: Ball 1-0: Ground out 6-3 (Groundball, 6) | Batting: RHB Danny Crouch | 0-0: SINGLE (Line Drive, 78S) | Batting: LHB Tommy Evans | 0-0: Called Strike 0-1: Foul Ball, location: 2F 0-2: Ball 1-2: Ball 2-2: Grounds into double play, 3-6-3 (Groundball, 3) | Top of the 8th over - 0 runs, 1 hit, 0 errors, 0 left on base; Spokane 7 - Santa Monica 0 | BOTTOM OF THE 8TH |
---|
Santa Monica Bruins batting - Pitching for Spokane Trappers : RHP Marty Bradford | Now at 1B: John Cotton | | Batting: LHB Arthur MacDonald | 0-0: Ball 1-0: SINGLE (Flyball, 78S) | Batting: RHB Ernest Russell | | Pinch Hitting: RHB Manny Copriviza | 0-0: Ground out 5-3 (Groundball, 5S) Arthur MacDonald to second | Batting: SHB Adrián Nieto | 0-0: Ball 1-0: Foul Ball, location: 2F 1-1: Foul Ball, location: 2F 1-2: Ball 2-2: Fly out, F6 (Popup, 6MS) | Batting: RHB Dave King | 0-0: Called Strike 0-1: Foul Ball, location: 2F 0-2: Ball 1-2: SINGLE (Flyball, 9LS) Arthur MacDonald to third Runner from 3rd tries for Home, SAFE, throw made home | Batting: RHB Gustavo Torres | 0-0: Ball 1-0: Ball 2-0: SINGLE (Groundball, 56D) Dave King to second | Batting: RHB Javier González | 0-0: Called Strike 0-1: Foul Ball, location: 2F 0-2: Foul Ball, location: 2F 0-2: Ball 1-2: Strikes out looking | Bottom of the 8th over - 1 run, 3 hits, 0 errors, 2 left on base; Spokane 7 - Santa Monica 1 | TOP OF THE 9TH |
---|
Spokane Trappers batting - Pitching for Santa Monica Bruins : RHP Chuk-yan Zhuan | Pitching: RHP Jorge Hernández | | Now at 2B: Armando Colón | | Batting: RHB Trent Rasmussen | 0-0: Foul Ball, location: 2F 0-1: SINGLE (Line Drive, 56) | Batting: RHB Alberto Velásquez | 0-0: Called Strike 0-1: SINGLE (Flyball, 8LS) Trent Rasmussen to second | Batting: RHB José Aguilera | 0-0: SINGLE (Groundball, 4MD) Trent Rasmussen to third Alberto Velásquez to second | Batting: RHB Carlos García | 0-0: Ball 1-0: Foul Ball, location: 2F 1-1: Ball 2-1: Fly out, F4 (Line Drive, 4) | Batting: SHB Mark Wells | 0-0: Ball 1-0: Swinging Strike 1-1: Foul Ball, location: 2F 1-2: Strikes out swinging | Batting: RHB José Herrera | 0-0: Called Strike 0-1: SINGLE (Groundball, 4D) Trent Rasmussen scores Alberto Velásquez to third José Aguilera to second Runner from 3rd tries for Home, SAFE, no throw | Pinch Hitting: LHB Willie Wallace | 0-0: Ball 1-0: Called Strike 1-1: SINGLE (Line Drive, 7S) José Aguilera to third José Herrera to second | Batting: RHB Danny Crouch | 0-0: Ball 1-0: Ball 2-0: Called Strike 2-1: Ball 3-1: Base on Balls José Aguilera scores José Herrera to third Willie Wallace to second | Batting: LHB Tommy Evans | 0-0: Foul Ball, location: 2F 0-1: Foul Ball, location: 2F 0-2: Ball 1-2: Ball 2-2: Fly out, F7 (Line Drive, 78M) | Top of the 9th over - 3 runs, 5 hits, 0 errors, 3 left on base; Spokane 10 - Santa Monica 1 | BOTTOM OF THE 9TH |
---|
Santa Monica Bruins batting - Pitching for Spokane Trappers : RHP Marty Bradford | Now at C: António Martínez | | Now at 1B: Willie Wallace | | Batting: RHB Jake Reeves | 0-0: Called Strike 0-1: Ball 1-1: Foul Ball, location: 2F 1-2: Fly out, F7 (Flyball, 7S) | Batting: RHB Luis Martínez | 0-0: Ball 1-0: Ground out 1-3 (Groundball, 13S) | Batting: LHB Kent MacDulothe | 0-0: Ball 1-0: Reached on error, E4 (Groundball, 4M) | Batting: LHB Arthur MacDonald | 0-0: Swinging Strike 0-1: Called Strike 0-2: Ball 1-2: Foul Ball, location: 2F 1-2: Foul Ball, location: 2F 1-2: Strikes out swinging | Bottom of the 9th over - 0 runs, 0 hits, 1 error, 1 left on base; Spokane 10 - Santa Monica 1 | |